 Dungeon Crawl Stone Soup version 0.30-a0-779-g7971cf19c3 (webtiles) character file.

Game seed: 8398856609987686353

60 DskReedErrur the Vexing (level 4, -12/25 HPs)
             Began as a Kobold Hexslinger on Feb 17, 2023.
             Killed by an exploding frilled lizard (37 damage)
             ... ignited by their inner flame
             ... on level 2 of the Dungeon.
             The game lasted 00:11:13 (1089 turns).

DskReedErrur the Vexing (Kobold Hexslinger)         Turns: 1089, Time: 00:11:13

Health: -12/25     AC:  2    Str:  9    XL:     4   Next: 25%
Magic:  4/10       EV: 15    Int: 14    God:
Gold:   14         SH:  0    Dex: 15    Spells: 1/12 levels left

rFire   . . .      SeeInvis .    a - +1 sling
rCold   . . .      Faith    .    (no shield)
rNeg    . . .      Spirit   .    c - +0 robe
rPois   .          Reflect  .    (no helmet)
rElec   .          Harm     .    (no cloak)
rCorr   .          Rampage  .    (no gloves)
Will    .....                    (no boots)
Stlth   ++++                     (no amulet)
HPRegen 0.24/turn                (no ring)
MPRegen 0.12/turn                (no ring)

@: no status effects
A: small, no large weapons, nightstalker 3
a: no special abilities


You were on level 2 of the Dungeon.
You visited 1 branch of the dungeon, and saw 2 of its levels.

You collected 14 gold pieces.

Inventory:

Hand Weapons
 a - a +1 sling (weapon)
Armour
 c - a +0 robe (worn)
Scrolls
 b - a scroll of poison
 h - a scroll of fog
 i - a scroll of teleportation
Potions
 f - a potion of lignification
 g - a potion of magic


   Skills:
 - Level 1.1 Fighting
 + Level 6.4 Ranged Weapons
 - Level 2.4 Dodging
 - Level 5.8 Stealth
 + Level 4.5 Spellcasting
 + Level 7.2 Hexes
 * Level 0.0 Translocations
 - Level 3.9 Fire Magic


You had one spell level left.
You knew the following spells:

 Your Spells              Type           Power      Damage    Failure   Level
a - Slow                  Hex            92%        N/A       1%          1
b - Inner Flame           Hex/Fire       18%        N/A       5%          3
c - Cause Fear            Hex            11%        N/A       10%         4
d - Portal Projectile     Hex/Tloc       26%        N/A       12%         3

Your spell library contained the following spells:

 Spells                   Type           Power      Damage    Failure   Level


Dungeon Overview and Level Annotations

Branches:
Dungeon (2/15)

Altars:

Annotations:
D:2 Sigmund


Innate Abilities, Weirdness & Mutations

You are small and have problems with some larger weapons.
You are completely attuned to the shadows.


Message History

Casting: Slow (safe; 1% risk of failure)
Confirm with . or Enter, or press ? or * to list all spells.
Aiming: Slow (safe; 1% risk of failure)
Press: ? - help, Shift-Dir - straight line, f - gnoll, p - gnoll
Aim: a gnoll, wielding a +0 club (wandering, hasn't noticed you, chance to affect: 64%)
The gnoll shouts!
The gnoll struggles to resist.
You hear an angry hiss.
A frilled lizard comes into view.
Casting: Slow (safe; 1% risk of failure)
Confirm with . or Enter, or press ? or * to list all spells.
Aiming: Slow (safe; 1% risk of failure)
Press: ? - help, Shift-Dir - straight line, f/p - gnoll
Aim: a gnoll, wielding a +0 club (chance to affect: 64%)
The gnoll seems to slow down.
A gnoll comes into view. It is wielding a +0 flail. x2
Casting: Slow (safe; 1% risk of failure)
Confirm with . or Enter, or press ? or * to list all spells.
You don't know that spell.
Sorry, you're not good enough to have a special ability.
Casting: Slow (safe; 1% risk of failure)
Confirm with . or Enter, or press ? or * to list all spells.
The spell is quite dangerous to miscast (5% risk of failure)!
Continue anyway?
Aiming: Inner Flame (quite dangerous; 5% risk of failure)
Press: ? - help, Dir - move target, f - frilled lizard, p - gnoll
Aim: a frilled lizard (chance to affect: 85%)
The frilled lizard is filled with an inner flame.
The gnoll shouts!
The frilled lizard closely misses you.
Sigmund the Dreaded comes into view.
He is wielding a +2 scythe of freezing.
A gnoll comes into view. It is wielding a +0 club.
Fire: a) +1 sling
Press: ? - help, Shift-Dir - straight line, f/p - frilled lizard
Aim: a frilled lizard (inner flame, 42% to hit)
You shoot a sling bullet.
The sling bullet hits the frilled lizard.
The frilled lizard explodes!
The fiery explosion engulfs you!!!
Ouch! That really hurt!
You die...

##############.g
#.####..........@g§g.
#......##########§gg@
#####..# §§.<
#####..#### ....
..........# #...
#####..##.# # #..##.#
# #.###.# # #.# #.#


You could see Sigmund and 5 gnolls.

Vanquished Creatures
  2 dart slugs (D:1)
  3 ball pythons
  3 endoplasms (D:1)
  4 giant cockroaches (D:1)
  2 goblins (D:1)
  3 hobgoblins
  A quokka (D:1)
  A bat (D:1)
  A frilled lizard (D:2)
  A kobold (D:1)
  2 rats
23 creatures vanquished.

Vanquished Creatures (others)
  14 plants (D:2)
14 creatures vanquished.

Grand Total: 37 creatures vanquished

Notes
Turn   | Place    | Note
-------+----------+-------------------------------------------
     0 | D:1      | DskReedErrur the Kobold Hexslinger began the quest for the
                  | Orb.
     0 | D:1      | Reached XP level 1. HP: 12/12 MP: 2/2
   131 | D:1      | Reached XP level 2. HP: 16/16 MP: 3/3
   663 | D:1      | Reached XP level 3. HP: 20/20 MP: 3/5
   949 | D:1      | Learned a level 3 spell: Inner Flame
   949 | D:1      | Reached skill level 5 in Stealth
   949 | D:1      | Reached skill level 7 in Hexes
   949 | D:1      | Reached XP level 4. HP: 25/25 MP: 5/10
   955 | D:1      | Learned a level 4 spell: Cause Fear
   959 | D:1      | Learned a level 3 spell: Portal Projectile
  1088 | D:2      | Noticed Sigmund
  1089 | D:2      | Killed by an exploding frilled lizard... ignited by their
                  | inner flame

Illustrated notes

Levels and vault maps discovered:
D:1:      lemuel_arrival_behind_the_door_small, layout_basic
D:2:      minmay_razor_zed, layout_loops_ring, ebering_ecumenical_altar_webs,
          minmay_hedge_maze, nicolae_grassy_gnolls, uniq_sigmund

Skill      XL: |  1  2  3 |
---------------+----------+-----
Ranged Weapons | 3 6 |  6.4
Stealth        | 5 |  5.8
Spellcasting   | 4 |  4.5
Hexes          | 7 |  7.2
Fire Magic     | 3 |  3.9
Fighting       | |  1.1
Dodging        | |  2.4

Action                     |  1- 3 |  4- 6 || total
---------------------------+-------+-------++-------
   Fire: Sling             |    70 |     5 ||    75
   Cast: Slow              |     8 |     3 ||    11
         Inner Flame       |       |     1 ||     1
    Use: Scroll            |     5 |       ||     5
         Potion            |     1 |       ||     1
 Armour: Robe              |     9 |       ||     9
  Dodge: Dodged            |    31 |     1 ||    32

Table legend: (Time is in decaauts)
 A = Elapsed time spent in this place.
 B = Non-inter-level travel time spent in this place.
 C = Inter-level travel time spent in this place.
 D = Time resting spent in this place.
 E = Time spent auto-exploring this place.
 F = Levels seen in this place.
 G = Mean time per level.
                   A        B        C        D        E       F      G
               +--------+--------+--------+--------+--------+-----+--------+
         Total |   1106 |   1045 |     61 |      0 |    869 |   2 |  553.0 |
       Dungeon |   1106 |   1045 |     61 |      0 |    869 |   2 |  553.0 |
               +--------+--------+--------+--------+--------+-----+--------+

Top non-repeatable levels by time:
     D:1: 1009 daAuts
     D:2: 97 daAuts
